 Dungeon Crawl Stone Soup version 0.23-a0-143-g1adec7b (webtiles) character file.

23 theanonym the Magician (level 2, 0/23 HPs)
             Began as a Mummy Warper on Sept 4, 2018.
             Slain by an adder (4 damage)
             ... on level 2 of the Dungeon.
             The game lasted 00:01:20 (1138 turns).

theanonym the Magician (Mummy Warper)               Turns: 1138, Time: 00:01:21

Health: 0/23       AC:  3    Str: 14    XL:     2   Next: 75%
Magic:  5/5        EV: 11    Int: 12    God:
Gold:   57         SH:  0    Dex: 11    Spells: 6/6 levels left

rFire    . . .     SeeInvis .   a - +0 hand axe
rCold    + . .     Gourm    .   (no shield)
rNeg     + + +     Faith    .   b - +0 leather armour
rPois    ∞         Spirit   .   (no helmet)
rElec    .         Reflect  .   (no cloak)
rCorr    .         Harm     .   (no gloves)
MR       .....                  (no boots)
Stlth    +.........             (no amulet)
HPRegen  0.07/turn              c - ring of protection from fire
MPRegen  0.09/turn              f - ring of positive energy (curse)

@: no status effects
A: no food or potions, fire vulnerability, cold resistance 1, negative energy
resistance 3, torment resistance, unbreathing
a: no special abilities


Innate Abilities, Weirdness & Mutations

You do not eat or drink.
Your flesh is vulnerable to fire.
You are immune to poison.
Your flesh is cold resistant. (rC+)
You are immune to negative energy. (rN+++)
You are immune to unholy pain and torment.
You can survive without breathing.


   Skills:
 + Level 2.4 Fighting
 * Level 2.4 Axes
 - Level 0.7 Throwing
 - Level 0.7 Armour
 - Level 1.5 Dodging
 - Level 2.6 Spellcasting
   Level 2.4 Translocations


You had 6 spell levels left.
You didn't know any spells.
Your spell library contained the following spells:

 Spells                   Type           Power        Failure   Level  Hunger
 Blink                    Tloc           N/A          19%         2    N/A
 Shroud of Golubria       Chrm/Tloc      #.........   30%         2    N/A
 Gell's Gravitas          Tloc           #.........   34%         3    N/A
 Lesser Beckoning         Tloc           #.........   34%         3    N/A
 Teleport Other           Tloc           #.......     34%         3    N/A
 Passage of Golubria      Tloc           N/A          75%         4    N/A

Skill      XL: |  1 |
---------------+----+-----
Axes           | 2 |  2.4
Fighting       | |  2.4
Throwing       | |  0.7
Armour         | |  0.7
Dodging        | |  1.5
Spellcasting   | |  2.6
Translocations | |  2.4

Action                   || total
-------------------------++-------
Melee: Hand axe          ||    83
Throw: Tomahawk          ||     3
 Stab: Sleeping          ||     1
Armor: Leather armour    ||    27
Dodge: Dodged            ||    63

Inventory:

Hand Weapons
 a - a +0 hand axe (weapon)
Missiles
 e - 2 tomahawks of dispersal (quivered)
Armour
 b - a +0 leather armour (worn)
Jewellery
 c - a ring of protection from fire (left hand)
   (You found it on level 1 of the Dungeon)
 f - a cursed ring of positive energy (right hand)
   (You found it on level 1 of the Dungeon)
Scrolls
 d - a scroll of amnesia {unknown}
 g - a scroll of enchant armour {unknown}
 B - a scroll of blinking


You were on level 2 of the Dungeon.
You were not hungry.

You visited 1 branch of the dungeon, and saw 2 of its levels.

You collected 57 gold pieces.

Dungeon Overview and Level Annotations

Branches:
Dungeon (2/15)

Altars:

.... ...# #....# #
###.#.[####.#
.......... >
####.#..#.##..
#.....S†...... #
##..@.#.##.#
#.#...........
#.#.#...#.####
...#........#
#####.#.....#.##
................
#####.#.##..#.##
...#.#.......#
####.#......>..####


You could see an adder.

Notes
Turn   | Place    | Note
-------+----------+-------------------------------------------
     0 | D:1      | theanonym the Mummy Warper began the quest for the Orb.
     0 | D:1      | Reached XP level 1. HP: 16/16 MP: 4/4
   365 | D:1      | Reached skill level 2 in Axes
   368 | D:1      | Reached XP level 2. HP: 17/22 MP: 5/5
  1135 | D:2      | HP: 9/23 [adder (4)]
  1137 | D:2      | HP: 4/23 [adder (4)]
  1138 | D:2      | Slain by an adder

Vanquished Creatures
  2 dart slugs (D:1)
  2 giant cockroaches
  A goblin (D:1)
  8 bats
  2 frilled lizards
  3 kobolds (D:1)
  3 rats
21 creatures vanquished.

Table legend:
 A = Turns spent in this place as a percentage of turns spent in the entire game.
 B = Non-inter-level travel turns spent in this place as a percentage of non-inter-level travel turns spent in the entire game.
 C = Inter-level travel turns spent in this place as a percentage of turns spent in this place.
 D = Turns resting spent in this place as a percentage of non-inter-level travel turns spent in this place.
 E = Turns spent auto-exploring this place as a percentage of non-inter-level travel turns spent in this place.
 F = Non-inter-level travel turns spent in this place divided by the number of levels of this place that you've seen.
                   A       B       C       D       E      F
               +-------+-------+-------+-------+-------+----------------------
         Total | 100.0 | 100.0 |   5.6 |  30.8 |  55.6 | 537.0
       Dungeon | 100.0 | 100.0 |   5.6 |  30.8 |  55.6 | 537.0
               +-------+-------+-------+-------+-------+----------------------
